 Dungeon Crawl Stone Soup version 0.19.5 (webtiles) character file.

3001 Izlandir the Basher (level 9, 64/64 HPs)
             Began as a Demonspawn Abyssal Knight on Apr 4, 2017.
             Was a Priest of Lugonu.
             Quit the game on level 8 of the Dungeon on Apr 10, 2017.
             The game lasted 00:29:53 (13106 turns).

Izlandir the Basher (Demonspawn Abyssal Knight)    Turns: 13106, Time: 00:29:54

Health: 64/64      AC:  6    Str: 18      XL:     9   Next: 54%
Magic:  16/16      EV:  9    Int: 14      God:    Lugonu [***...]
Gold:   331        SH:  0    Dex: 11 (13) Spells: 0 memorised, 8 levels left

rFire  + . .     SeeInvis .     x - +1 whip (freeze)
rCold  + . .     Gourm    .     u - +0 scale mail
rNeg   . . .     Faith    .     (no shield)
rPois  .         Spirit   +     (no helmet)
rElec  .         Reflect  .     (no cloak)
rCorr  +         Harm     .     i - +1 pair of gloves {Str+3}
MR     .....     Rnd*Rage +     (no boots)
Stlth  ..........               (no amulet)
                                w - ring of resist corrosion
                                t - ring of protection from fire

@: no status effects
A: claws 1, rugged brown scales 1, berserk 1, cold resistance 1, deformed body,
wild magic 1, magic shield, magic regeneration, freezing cloud immunity
a: Depart the Abyss, Bend Space, Banish, Renounce Religion


You were on level 8 of the Dungeon.
You worshipped Lugonu.
Lugonu was most pleased with you.
You were not hungry.

You visited 1 branch of the dungeon, and saw 8 of its levels.
You visited the Abyss 1 time.

You collected 331 gold pieces.

Inventory:

Hand Weapons
 a - a +1 mace
 x - a +1 whip of freezing (weapon)
 C - a +0 mace of crushing
Armour
 b - a +0 leather armour
 i - a +1 pair of gloves of strength (worn)
 q - a +0 ring mail
 u - a +0 scale mail (worn)
Jewellery
 o - a +1 ring of evasion
 t - a ring of protection from fire (left hand)
 w - a ring of resist corrosion (right hand)
Wands
 B - a wand of flame (31/48)
 E - a wand of paralysis (10/24)
 F - a wand of disintegration (18/24)
Scrolls
 d - a scroll of magic mapping {unknown}
 h - 2 scrolls of enchant armour {unknown}
 j - 6 scrolls of identify
 l - 2 scrolls of blinking {unknown}
 m - 2 scrolls of amnesia {unknown}
 n - 3 scrolls of recharging {unknown}
 p - a scroll of fear {unknown}
 v - a scroll of summoning {unknown}
 y - a scroll of fog {unknown}
 A - 3 scrolls of teleportation {unknown}
 G - a scroll of enchant weapon {unknown}
Potions
 e - 3 potions of haste
 f - 2 potions of lignification
 g - a potion of brilliance {unknown}
 r - a potion of flight {unknown}
 s - 3 potions of curing
 D - a potion of degeneration {unknown}
Books
 z - a book of Cantrips

   Spells                             Type                      Level
   a - Confusing Touch                Hexes                        1
   b - Animate Skeleton               Necromancy                   1
   c - Summon Small Mammal            Summoning                    1
   d - Apportation                    Translocation                1
Comestibles
 c - 11 bread rations
 k - 4 meat rations


   Skills:
 - Level 3.0 Fighting
 * Level 10.2 Maces & Flails
 - Level 1.7 Armour
 - Level 0.8 Dodging
 - Level 10.1 Invocations


You had 8 spell levels left.
You didn't know any spells.

Dungeon Overview and Level Annotations

Branches:
Dungeon (8/15)             Temple (0/1) D:4
   Lair: D:8-11

Altars:
Gozag
Kikubaaqudgha
Okawaru
Ru

Shops:
D:5 ?   D:8 :

Annotations:
D:6 exclusions: door and 2 more exclusions
D:7 1 runed door
Abyss:1 Joseph


Innate Abilities, Weirdness & Mutations

You have sharp fingernails.
You are partially covered in rugged brown scales. (AC +1, +3% HP)
Your flesh is cold resistant. (rC+)
When hurt, damage is shared between your health and your magic reserves.
You regenerate magic rapidly.
You are immune to freezing clouds.
You tend to lose your temper in combat.
Armour fits poorly on your strangely shaped body.
Your spells are a little harder to cast, but a little more powerful.


Message History

The worker ant barely misses you.
You hit the worker ant. You freeze the worker ant.
You kill the worker ant!
Lugonu accepts your kill.
You see here a worker ant corpse.
You butcher the worker ant corpse.
H - 2 chunks of flesh Eating one of 2 chunks of flesh.
You start eating one of the 2 chunks of flesh.
This raw flesh tastes terrible.
You are feeling hungry.
Eating a chunk of flesh.
You start eating the chunk of flesh.
This raw flesh tastes terrible.
Done exploring.
Done exploring.
Saving game... please wait.
Welcome back, Izlandir the Demonspawn Abyssal Knight.
Lugonu says: Spread carnage and corruption!
Press ? for a list of commands and other information.
Are you sure you want to abandon this character and quit the game? (Confirm with "yes".)

### ### #@##
#.####### ##.#
##.....##. #.##
##.........
##.####........##
#............##
##...<.......#
#..#.......##
#..........#
#.........##


There were no monsters in sight!

Vanquished Creatures
  Pikel (D:8)
  A spriggan (D:7)
  Menkaure (D:7)
  A water moccasin (D:8)
  4 slaves (D:7)
  3 ogres
  An ice beast (D:6)
  A centaur (D:6)
  4 bullfrogs
  A wyvern zombie (D:6)
  2 scorpions
  A howler monkey (D:6)
  A crimson imp (D:7)
  A centaur zombie (D:8)
  A quasit (D:7)
  4 hounds
  A bullfrog skeleton (D:8)
  3 orc priests
  A jelly (D:8)
  4 orc wizards
  An iguana (D:6)
  10 worker ants
  A howler monkey zombie (D:7)
  6 adders
  A shadow imp (D:5)
  An ooze (D:4)
  2 adder zombies
  A worm (D:4)
  7 leopard geckos
  30 orcs
  7 giant cockroaches
  3 hobgoblins
  10 jackals
  6 kobolds
  3 quokkas
  3 ball pythons
  5 bats
  7 frilled lizards
  3 goblins
  A jackal zombie (D:6)
  2 quokka skeletons (D:4)
  7 rats
154 creatures vanquished.

Vanquished Creatures (others)
  A hornet (D:7)
  An ogre (D:7)
  An orc wizard (D:7)
  A plant (D:7)
4 creatures vanquished.

Grand Total: 158 creatures vanquished

Notes
Turn   | Place    | Note
-------+----------+-------------------------------------------
     0 | Abyss:1  | Izlandir the Demonspawn Abyssal Knight began the quest for the Orb.
     0 | Abyss:1  | Reached XP level 1. HP: 18/18 MP: 2/2
   151 | Abyss:1  | Found a corrupted altar of Lugonu.
   189 | Abyss:1  | Noticed an anaconda zombie
   197 | D:1      | Escaped the Abyss
   737 | D:1      | Gained mutation: You are partially covered in rugged brown scales. (AC +1, +3% HP) [demonic ancestry]
   737 | D:1      | Reached XP level 2. HP: 17/24 MP: 3/3
  1674 | D:2      | Gained mutation: Your flesh is cold resistant. (rC+) [demonic ancestry]
  1674 | D:2      | Reached XP level 3. HP: 19/29 MP: 4/4
  1974 | D:2      | Reached ** piety under Lugonu
  2083 | D:2      | Found a sacrificial altar of Ru.
  2083 | D:2      | Found an ancient bone altar of Kikubaaqudgha.
  2865 | D:3      | Gained mutation: You have sharp fingernails. [demonic ancestry]
  2865 | D:3      | Reached XP level 4. HP: 27/36 MP: 5/5
  3569 | D:4      | Found a staircase to the Ecumenical Temple.
  3651 | D:4      | Gained mutation: When hurt, damage is shared between your health and your magic reserves. [demonic ancestry]
  3651 | D:4      | Reached XP level 5. HP: 34/42 MP: 6/6
  3784 | D:4      | Reached skill level 5 in Maces & Flails
  3943 | D:5      | Entered Level 5 of the Dungeon
  3946 | D:5      | Noticed an ogre
  4868 | D:5      | Reached XP level 6. HP: 43/48 MP: 7/7
  4909 | D:5      | Reached *** piety under Lugonu
  4927 | D:5      | Found an opulent altar of Gozag.
  5438 | D:5      | HP: 2/48 [ogre/giant club (7)]
  6026 | D:4      | Gained mutation: You tend to lose your temper in combat. [potion of mutation]
  6026 | D:4      | Gained mutation: Armour fits poorly on your strangely shaped body. [potion of mutation]
  6026 | D:4      | Gained mutation: Your spells are a little harder to cast, but a little more powerful. [potion of mutation]
  6117 | D:5      | Found Evas's Magic Scroll Emporium.
  6588 | D:6      | Reached XP level 7. HP: 46/53 MP: 6/8
  8160 | D:7      | Noticed Menkaure
  8174 | D:7      | Killed Menkaure
  8318 | D:7      | Noticed a spriggan baker
  8326 | D:7      | Killed a spriggan baker
  8326 | D:7      | Reached skill level 5 in Invocations
  8326 | D:7      | Gained mutation: You regenerate magic rapidly. [demonic ancestry]
  8326 | D:7      | Reached XP level 8. HP: 40/59 MP: 6/12
  8802 | D:7      | Noticed a hornet
  8814 | D:7      | Banished a hornet
  9565 | D:7      | Found a runed door.
  9565 | D:7      | Noticed a sixfirhy
 10234 | D:7      | Reached skill level 10 in Invocations
 10540 | D:8      | Noticed Pikel
 10703 | D:8      | Noticed Joseph
 11497 | D:7      | Gained mutation: You are immune to freezing clouds. [demonic ancestry]
 11497 | D:7      | Reached XP level 9. HP: 44/64 MP: 14/16
 11618 | D:8      | Killed Pikel
 11841 | D:8      | Found an iron altar of Okawaru.
 11947 | D:8      | Banished Joseph
 12271 | D:8      | Found Payl's Book Shoppe.
 12294 | D:8      | Reached skill level 10 in Maces & Flails
 13106 | D:8      | Quit the game

Skill      XL: |  1  2  3  4  5  6  7  8  9 |
---------------+----------------------------+-----
Maces & Flails | 2 3 4 5 7 8 10 | 10.2
Invocations    | 5 10 | 10.1
Fighting       | |  3.0
Armour         | |  1.7
Dodging        | |  0.8

Action                   |  1- 3 |  4- 6 |  7- 9 || total
-------------------------+-------+-------+-------++-------
Melee: Mace              |   213 |   247 |   346 ||   806
       Whip              |       |       |    87 ||    87
Invok: Banish            |       |       |     6 ||     6
  Use: Potion            |       |     8 |     5 ||    13
       Scroll            |       |     2 |     1 ||     3
  Eat: Chunk             |     6 |    13 |    17 ||    36
       Fruit             |       |       |     2 ||     2
       Bread ration      |       |       |     1 ||     1
Armor: Leather armour    |    32 |       |       ||    32
       Scale mail        |    56 |   107 |   132 ||   295
       Ring mail         |     8 |       |       ||     8
       Skin              |       |       |    24 ||    24
Dodge: Dodged            |   133 |   130 |   168 ||   431
